 Dungeon Crawl Stone Soup version 0.30-a0-1035-g38d5fb2972 (webtiles) character file.

Game seed: 9800685485355818473

2933 funkygono the Cleaver (level 9, -8/79 HPs)
             Began as a Minotaur Fighter on Apr 9, 2023.
             Mangled by an ogre
             ... wielding a +0 giant club
              (22 damage)
             ... on level 7 of the Dungeon.
             The game lasted 00:12:42 (6306 turns).

funkygono the Cleaver (Minotaur Fighter)            Turns: 6306, Time: 00:12:43

Health: -8/79      AC: 18    Str: 25    XL:     9   Next: 50%
Magic:  8/8        EV:  8    Int: 11    God:
Gold:   323        SH:  5    Dex: 10    Spells: 8/8 levels left

rFire   . . .      SeeInvis .    a - +1 war axe
rCold   . . .      Faith    .    c - +0 buckler
rNeg    . . .      Spirit   .    E - +0 plate armour
rPois   .          Reflect  .    (helmet restricted)
rElec   .          Rampage  .    r - +0 cloak
rCorr   +                        C - +0 pair of gloves
Will    .....                    n - +1 pair of boots
Stlth   x                          - amulet of the acrobat
HPRegen 0.33/turn                p - ring of resist corrosion
MPRegen 0.11/turn                v - +6 ring of intelligence

@: no status effects
A: horns 2, retaliatory headbutt
a: no special abilities


You were on level 7 of the Dungeon.
You visited 1 branch of the dungeon, and saw 7 of its levels.

You collected 323 gold pieces.

Inventory:

Hand Weapons
 a - a +1 war axe (weapon)
 y - the +8 hammer "Hellblazer" {elec, rF+ rC+ Will-}
   (You found it on level 5 of the Dungeon)

   rF:        It protects you from fire.
   rC:        It protects you from cold.
   Will:      It decreases your willpower.
 D - the +6 dagger of Eternal War {flame, *Corrode rF++ SInv}
   (You found it on level 6 of the Dungeon)

   rF:        It greatly protects you from fire.
   SInv:      It lets you see invisible.
   *Corrode:  It may corrode you when you take damage.
Missiles
 q - 20 poisoned darts (quivered)
 w - 6 atropa-tipped darts
Armour
 c - a +0 buckler (worn)
 n - a +1 pair of boots (worn)
 r - a +0 cloak (worn)
 C - a +0 pair of gloves (worn)
 E - a +0 plate armour (worn)
Jewellery
 p - a ring of resist corrosion (left hand)
 v - a +6 ring of intelligence (right hand)
 x - an amulet of the acrobat (around neck)
Wands
 i - a wand of iceblast (12)
 k - a wand of flame (21)
 z - a wand of polymorph (7)
Scrolls
 f - a scroll of magic mapping
 j - 2 scrolls of teleportation
 t - a scroll of fear
 u - a scroll of butterflies
 B - a scroll of blinking
Potions
 d - a potion of cancellation {unknown}
 e - 2 potions of brilliance
 g - 4 potions of heal wounds
 h - 2 potions of lignification
 l - a potion of attraction {unknown}
 m - a potion of flight {unknown}
 o - a potion of haste {unknown}
 s - 4 potions of curing
 A - 2 potions of resistance


   Skills:
 + Level 7.4 Fighting
 + Level 10.9 Axes
 + Level 1.6 Throwing
 + Level 8.2 Armour
 + Level 3.2 Dodging
 + Level 0.8 Stealth
 + Level 5.5 Shields


You had 8 spell levels left.
You didn't know any spells.
Your spell library contained the following spells:

 Spells                   Type           Power      Damage    Failure   Level
 Necrotise                Necr           0%         1d4       99%         1
 Sting                    Tmut/Pois      0%         1d3       99%         1
 Summon Small Mammal      Summ           0%         N/A       99%         1
 Poisonous Vapours        Pois/Air       0%         N/A       100%        2
 Call Canine Familiar     Summ           0%         N/A       100%        3
 Inner Flame              Hex/Fire       0%         N/A       100%        3
 Summon Guardian Golem    Hex/Summ       0%         N/A       100%        3
 Vampiric Draining        Necr           0%         2d6       100%        3
 Flame Wave               Conj/Fire      0%         2d4       100%        4
 Olgreb's Toxic Radiance  Pois           0%         N/A       100%        4
 Sticky Flame             Conj/Fire      0%         2d3       100%        4
 Agony                    Necr           0%         N/A       100%        5


Dungeon Overview and Level Annotations

Branches:
Dungeon (7/15)
 Temple: D:4-7

Altars:
Kikubaaqudgha
Makhleb
Trog
Uskayaw
Xom
Zin

Shops:
D:2 *

Annotations:
D:3 3 runed translucent doors, KineticRobot's ghost, amateur OpBr; Sermion's ghost, amateur HOBe; Winter's ghost, amateur MiFi; sastreii's ghost, amateur OgGl
D:5 3 runed translucent doors, senseless's ghost, novice OpTm
D:6 2 runed translucent doors, vianneychevalier's ghost, amateur MiFi


Innate Abilities, Weirdness & Mutations

You have a pair of horns on your head.
You reflexively headbutt those who attack you in melee.


Message History

You block the killer bee's attack.
You slash the killer bee!
You kill the killer bee!
You feel very sick.
The killer bee stings you but does no damage.
You closely miss the killer bee. Your headbutt misses the killer bee.
You feel sick.
The killer bee stings you but does no damage.
The killer bee barely misses you.
You hit the killer bee but do no damage.
You feel sick.
The killer bee stings you but does no damage.
You block the killer bee's attack.
You closely miss the killer bee. Your headbutt misses the killer bee.
You feel sick.
The killer bee stings you but does no damage. x2
You miss the killer bee.
You feel sick. You block the killer bee's attack.
An ogre comes into view. It is wielding a +0 giant club.
The killer bee stings you but does no damage.
You miss the killer bee.
You feel sick.
The ogre shouts!
You block the killer bee's attack.
The killer bee stings you but does no damage.
You slash the killer bee! Your headbutt misses the killer bee.
The killer bee is almost dead.
You feel sick. You block the killer bee's attack.
The killer bee stings you but does no damage.
You slash the killer bee!
You kill the killer bee!
You feel sick.
You hit the ogre. Your headbutt misses the ogre.
The ogre is lightly wounded.
You feel sick.
You are no longer poisoned.
The ogre hits you with a +0 giant club.
* * * LOW HITPOINT WARNING * * *
You slice the ogre!! Your headbutt misses the ogre.
The ogre is almost dead.
The ogre hits you with a +0 giant club!!
You die...

# #### .. ..#
y≈≈ #.# y...
#@# .yy#
#O##..§.#
#...§)§$#
#.....§≈.#
#........≈.#
....#......≈...
########...≈≈≈≈
#...... ......


You could see an ogre.

Vanquished Creatures
  Pikel (D:6)
  Sigmund (D:5)
  Eustachio (D:4)
  Menkaure (D:4)
  An orc warrior (D:6)
  A black bear (D:6)
  2 ogres (D:5)
  2 centaurs
  A phantom (D:5)
  A kobold brigand (D:6)
  Blork the orc (D:5)
  A scorpion (D:5)
  5 killer bees (D:7)
  A howler monkey (D:6)
  2 hounds
  6 orc priests
  Crazy Yiuf (D:5)
  5 jellies
  A gnoll bouda (D:5)
  3 iguanas
  6 orc wizards
  A sleepcap (D:6)
  Natasha (thrice) (D:4)
  5 gnolls (D:5)
  7 adders
  An ufetubus (D:5)
  2 worms
  3 dart slugs
  22 orcs
  4 endoplasms
  2 giant cockroaches
  7 goblins
  4 hobgoblins
  3 jackals (D:2)
  10 quokkas
  15 ball pythons
  8 bats
  7 frilled lizards
  15 kobolds
  6 rats
  8 bushes (D:1)
177 creatures vanquished.

Vanquished Creatures (others)
  6 fungi (D:1)
  25 plants
31 creatures vanquished.

Grand Total: 208 creatures vanquished

Notes
Turn   | Place    | Note
-------+----------+-------------------------------------------
     0 | D:1      | funkygono the Minotaur Fighter began the quest for the Orb.
     0 | D:1      | Reached XP level 1. HP: 19/19 MP: 0/0
   143 | D:1      | Reached XP level 2. HP: 22/27 MP: 1/1
   315 | D:1      | Found a faded altar of an unknown god.
   653 | D:1      | Reached skill level 3 in Axes
   663 | D:1      | Reached XP level 3. HP: 33/33 MP: 2/2
  1183 | D:2      | Found Tioj Sur's General Store.
  1425 | D:2      | Reached XP level 4. HP: 41/41 MP: 3/3
  1455 | D:2      | Reached skill level 4 in Axes
  1612 | D:2      | Found a bloodstained altar of Trog.
  2345 | D:3      | Found an ancient bone altar of Kikubaaqudgha.
  2443 | D:3      | Found a runed translucent gate.
  2443 | D:3      | Found a runed translucent gate.
  2443 | D:3      | Noticed Winter's ghost (amateur MiFi)
  2443 | D:3      | Noticed KineticRobot's ghost (amateur OpBr)
  2444 | D:3      | Found a runed translucent gate.
  2444 | D:3      | Noticed sastreii's ghost (amateur OgGl)
  2444 | D:3      | Noticed Sermion's ghost (amateur HOBe)
  2821 | D:3      | Reached XP level 5. HP: 33/47 MP: 4/4
  2980 | D:4      | You fall into a shaft and drop 1 floor!
  2980 | D:5      | Entered Level 5 of the Dungeon
  3004 | D:5      | Reached skill level 5 in Axes
  3141 | D:4      | Noticed Menkaure
  3151 | D:4      | Killed Menkaure
  3152 | D:4      | Reached skill level 5 in Armour
  3152 | D:4      | Reached skill level 1 in Dodging
  3152 | D:4      | Reached XP level 6. HP: 13/53 MP: 5/5
  3334 | D:4      | Reached skill level 6 in Axes
  3334 | D:4      | Noticed Eustachio
  3344 | D:4      | Killed Eustachio
  3345 | D:4      | Reached XP level 7. HP: 45/60 MP: 6/6
  3366 | D:4      | Reached skill level 7 in Axes
  3504 | D:4      | Noticed Natasha
  3508 | D:4      | Killed Natasha
  3560 | D:4      | Noticed Natasha
  3567 | D:4      | Killed Natasha
  3568 | D:4      | Reached skill level 5 in Fighting
  3578 | D:4      | Noticed Natasha
  3585 | D:4      | Killed Natasha
  3762 | D:4      | Found a burning altar of Makhleb.
  3764 | D:4      | Found a glowing silver altar of Zin.
  3764 | D:4      | Noticed an angel
  3765 | D:4      | Noticed a cacodemon
  3836 | D:5      | Noticed Blork the orc
  3848 | D:5      | Killed Blork the orc
  3886 | D:5      | Noticed Sigmund
  3893 | D:5      | Killed Sigmund
  3894 | D:5      | Reached skill level 8 in Axes
  3915 | D:5      | Found a shimmering altar of Xom.
  3975 | D:5      | Reached XP level 8. HP: 68/68 MP: 7/7
  4054 | D:5      | Reached skill level 1 in Throwing
  4281 | D:5      | Found a runed translucent gate.
  4282 | D:5      | Found a runed translucent gate.
  4284 | D:5      | Found a runed translucent gate.
  4285 | D:5      | Noticed senseless's ghost (novice OpTm)
  4311 | D:5      | Found a runed translucent door.
  4312 | D:5      | Noticed Crazy Yiuf
  4321 | D:5      | Killed Crazy Yiuf
  4323 | D:5      | Identified the +8 hammer "Hellblazer" {elec, rF+ rC+ Will-}
  4720 | D:5      | Reached skill level 9 in Axes
  5220 | D:6      | Reached skill level 5 in Shields
  5386 | D:6      | Reached XP level 9. HP: 78/78 MP: 8/8
  5572 | D:6      | Found a large runed translucent door.
  5572 | D:6      | Found a large runed translucent door.
  5730 | D:6      | Noticed Pikel
  5746 | D:6      | Killed Pikel
  5747 | D:6      | Reached skill level 10 in Axes
  5806 | D:6      | Noticed vianneychevalier's ghost (amateur MiFi)
  5939 | D:6      | Found a hide-covered altar of Uskayaw.
  5955 | D:6      | Identified the +6 dagger of Eternal War {flame, *Corrode
                  | rF++ SInv}
  6306 | D:7      | Mangled by an ogre

Illustrated notes

Levels and vault maps discovered:
D:1:      dpeg_arrival_oval, layout_rooms,
          shapermc_ecumenical_altar_mp_urbaneastern, lexackson_kobold_supper
D:2:      layout_basic, serial_shops, shop_fountains, basic_altar,
          minmay_hexomino_f4
D:3:      layout_loops_ring, amcnicky_altar_gilded, gammafunk_ghost_cemetery
D:4:      layout_cave_pools, grunt_temple_overflow_order_and_chaos_2,
          uniq_natasha, uniq_menkaure, uniq_eustachio
D:5:      layout_basic, mainiacjoe_overflow_alcove_2, ebering_ghost_rock_garden,
          serial_bayou_pond_a, minmay_increasing_density,
          uniq_crazy_yiuf_cottage, uniq_sigmund, uniq_blork_the_orc
D:6:      layout_loops_ring, nicolae_uskayaw_dance_studio,
          ebering_ghost_disaster_area, uniq_pikel
D:7:      layout_rooms, mainiacjoe_overflow_brackets,
          nicolae_elyvilon_peaceful_grove, nzn_hepliaklqana_mist_gate,
          minmay_temple_entry_waves, serial_glass, glass_columns_c,
          glass_columns_a, dreamdust_gnoll_shepherd

Skill      XL: |  1  2  3  4  5  6  7  8  9 |
---------------+----------------------------+-----
Fighting       | 4 5 6 7 |  7.4
Shields        | 4 5 |  5.5
Axes           | 3 4 5 6 8 9 10 | 10.9
Armour         | 4 5 6 7 8 |  8.2
Dodging        | 1 2 3 |  3.2
Throwing       | 1 |  1.6
Stealth        | |  0.8

Action                     |  1- 3 |  4- 6 |  7- 9 || total
---------------------------+-------+-------+-------++-------
  Melee: War axe           |   354 |   103 |   208 ||   665
         Headbutt          |   101 |    10 |    34 ||   145
  Throw: Dart              |       |     4 |     3 ||     7
    Use: Scroll            |       |    13 |     3 ||    16
         Potion            |       |       |     1 ||     1
 Armour: Scale mail        |    39 |    51 |    69 ||   159
         Plate armour      |       |       |    20 ||    20
  Dodge: Dodged            |    49 |    53 |   103 ||   205
  Block: Buckler           |    18 |    22 |    40 ||    80

Table legend: (Time is in decaauts)
 A = Elapsed time spent in this place.
 B = Non-inter-level travel time spent in this place.
 C = Inter-level travel time spent in this place.
 D = Time resting spent in this place.
 E = Time spent auto-exploring this place.
 F = Levels seen in this place.
 G = Mean time per level.
                   A        B        C        D        E       F      G
               +--------+--------+--------+--------+--------+-----+--------+
         Total |   6514 |   6275 |    239 |    100 |   4487 |   7 |  930.6 |
       Dungeon |   6514 |   6275 |    239 |    100 |   4487 |   7 |  930.6 |
               +--------+--------+--------+--------+--------+-----+--------+

Top non-repeatable levels by time:
     D:5: 1452 daAuts
     D:1: 1204 daAuts
     D:6: 1143 daAuts
     D:2: 1014 daAuts
     D:3: 850 daAuts
     D:4: 815 daAuts
     D:7: 34 daAuts
